 Dungeon Crawl Stone Soup version 0.24.0-13-gcf9b3192b9 (webtiles) character file.

Game seed: 4145785083829567214, levelgen mode: deterministic

340 Katsumi the Transmogrifier (level 6, 0/28 HPs)
             Began as a Felid Transmuter on Nov 9, 2019.
             Was an Initiate of Ru.
             Slain by an adder (5 damage)
             ... on level 6 of the Dungeon.
             The game lasted 00:07:30 (8818 turns).

Katsumi the Transmogrifier (Felid Transmuter)       Turns: 8818, Time: 00:07:30

Health: 0/28       AC:  4    Str:  6    XL:     6   Next: 30%
Magic:  11/11      EV: 18    Int: 16    God:    Ru [......]
Gold:   231        SH:  0    Dex: 17    Spells: 3/11 levels left
                                        Lives:  0   Deaths: 2

rFire    . . .     SeeInvis +     - Unarmed
rCold    . . .     Gourm    .   (shield unavailable)
rNeg     . . .     Faith    .   (armour unavailable)
rPois    .         Spirit   .   (helmet unavailable)
rElec    .         Reflect  .   (cloak unavailable)
rCorr    .         Harm     .   (gloves unavailable)
MR       .....                  (boots unavailable)
Stlth    ++........             (no amulet)
HPRegen  0.09/turn              b - +2 ring of protection
MPRegen  0.12/turn              (no ring)

@: lethally poisoned (0 -> -4), quick
A: very small, no armour, no weapons or thrown items, stealth, claws 1, fangs 3,
see invisible, carnivore, speed 1, shaggy fur 2, slow metabolism 1, sharp paws
a: Renounce Religion


You were on level 6 of the Dungeon.
You worshipped Ru.
Ru was noncommittal.
You were not hungry.

You visited 1 branch of the dungeon, and saw 6 of its levels.

You collected 231 gold pieces.

Inventory:

Missiles
 a - 45 arrows
Jewellery
 b - a +2 ring of protection (left paw)
 z - the amulet "Meff" {Spirit +Blink rPois Str-2 Int-4, unknown}
   (You found it on level 6 of the Dungeon)

   [amulet of guardian spirit]

   It causes incoming damage to be split between your health and magic.
   It affects your strength (-2).
   It affects your intelligence (-4).
   It protects you from poison.
   It lets you blink.
Wands
 r - a wand of flame (16)
 u - a wand of digging (6)
Scrolls
 d - a scroll of blinking {unknown}
 e - a scroll of enchant weapon {unknown}
 g - a scroll of amnesia {unknown}
 h - 3 scrolls of immolation {unknown}
 i - 5 scrolls of identify {unknown}
 j - a scroll of enchant armour
 k - 3 scrolls of remove curse
 s - a scroll of fog {unknown}
 t - 4 scrolls of teleportation {unknown}
 w - 3 scrolls of noise {unknown}
 y - a scroll of random uselessness {unknown}
Potions
 f - a potion of curing
 l - a potion of cancellation {unknown}
 m - a potion of flight {unknown}
 n - a potion of agility {unknown}
 o - a potion of mutation {unknown}
 p - 2 potions of ambrosia {unknown}
 q - a potion of haste {unknown}
 v - 2 potions of heal wounds
 x - a potion of invisibility {unknown}
Comestibles
 c - 6 rations


   Skills:
 - Level 3.0 Fighting
 - Level 2.6 Dodging
 + Level 3.9 Unarmed Combat
 - Level 3.0 Spellcasting
 - Level 10.0 Transmutations


You had 3 spell levels left.
You knew the following spells:

 Your Spells              Type           Power        Failure   Level  Hunger
a - Beastly Appendage     Tmut           ####..       1%          1    #......
b - Sticks to Snakes      Tmut           ####....     1%          2    ##.....
c - Blade Hands           Tmut           ####......   9%          5    ######.

Your spell library contained the following spells:

 Spells                   Type           Power        Failure   Level  Hunger
 Spider Form              Tmut/Pois      ###.......   7%          3    ###....
 Magic Dart               Conj           #...         19%         1    #......
 Blink                    Tloc           N/A          28%         2    ##.....
 Call Imp                 Summ           #.......     28%         2    ##.....
 Slow                     Hex            #.......     28%         2    ##.....
 Conjure Flame            Conj/Fire      #.......     50%         3    ###....
 Mephitic Cloud           Conj/Pois/Air  #.......     50%         3    ###....
 Ice Form                 Ice/Tmut       ###.....     24%         4    #####..


Dungeon Overview and Level Annotations

Branches:
Dungeon (6/15)
 Temple: D:4-7

Altars:
Cheibriados
Hepliaklqana
Makhleb
Qazlal
Ru
Trog
Xom


Innate Abilities, Weirdness & Mutations

You cannot wear armour.
You are incapable of wielding weapons or throwing items.
Your paws allow you to move quietly. (Stealth)
You have sharp claws.
You have razor-sharp teeth.
You have supernaturally acute eyesight. (SInv)
You are carnivorous and can eat meat at any time.
You cover ground quickly.
You are covered in thick fur. (AC +2)
You have a slow metabolism.
Your sharp claws are effective at attacking unaware monsters.


Message History

The adder bites you but does no damage. The adder closely misses you.
The adder misses you.
You feel sick.
You are no longer poisoned.
The adder bites you. The adder closely misses you.
The adder closely misses you. The adder bites you.
The adder completely misses you. The adder barely misses you.
The adder bites you.
You are poisoned.
The adder poisons you! The adder completely misses you.
You feel sick. The adder completely misses you. The adder misses you.
You feel sick. The adder completely misses you. The adder misses you.
The adder bites you.
* * * LOW HITPOINT WARNING * * *
* * * LOW HITPOINT WARNING * * *
You feel sick. The adder bites you.
You die...

# #.......# #. #.####..#
#.##### #.#.....# ...#..
#.#.###.# #.#.#
#.#.###.# ##...#
#.......#
####....#########....###
.....................<..
###...@#########....###
##..S## #.#.## ##.#.##
#.### ..###†# #.####
.... #S## #....#
#.####(# ####.# # ## #.#
#.# #.#


You could see an adder.

Vanquished Creatures
  An ice beast (D:6)
  2 phantoms (D:5)
  An ogre (D:6)
  2 centaurs
  A bullfrog (D:4)
  3 scorpions (D:4)
  A crimson imp (D:5)
  3 howler monkeys
  A bullfrog skeleton (D:6)
  2 worker ants (D:5)
  A howler monkey zombie (D:5)
  8 gnolls
  2 adders
  An adder skeleton (D:4)
  A dart slug (D:4)
  3 worms
  3 leopard geckos
  7 orcs
  2 ball pythons
  5 giant cockroaches
  7 goblins
  6 hobgoblins
  4 jackals (D:1)
  5 quokkas
  15 bats
  5 frilled lizards
  7 kobolds
  A quokka skeleton (D:4)
  9 rats
109 creatures vanquished.

Vanquished Creatures (collateral kills)
  3 ogres
  4 adders
  A howler monkey skeleton (D:6)
  A hobgoblin (D:3)
  A kobold (D:3)
10 creatures vanquished.

Grand Total: 119 creatures vanquished

Notes
Turn   | Place    | Note
-------+----------+-------------------------------------------
     0 | D:1      | Katsumi the Felid Transmuter began the quest for the Orb.
     0 | D:1      | Reached XP level 1. HP: 9/9 MP: 4/4
    52 | D:1      | Reached skill level 3 in Transmutations
    53 | D:1      | Reached XP level 2. HP: 7/12 MP: 4/6
   850 | D:1      | Reached XP level 3. HP: 15/15 MP: 5/7
   864 | D:1      | Reached skill level 4 in Transmutations
  1712 | D:2      | Found a snail-covered altar of Cheibriados.
  1912 | D:2      | Learned a level 2 spell: Sticks to Snakes
  2492 | D:2      | Found a bloodstained altar of Trog.
  2696 | D:3      | Found a shimmering altar of Xom.
  2696 | D:3      | Noticed an ogre
  2697 | D:3      | Found a shimmering altar of Xom.
  2697 | D:3      | Found a shimmering altar of Xom.
  2720 | D:3      | Reached XP level 4. HP: 14/19 MP: 2/8
  2809 | D:3      | Killed an ogre
  2809 | D:3      | Reached skill level 5 in Transmutations
  3765 | D:3      | Reached XP level 5. HP: 22/22 MP: 5/9
  3775 | D:3      | Learned a level 5 spell: Blade Hands
  3944 | D:4      | Noticed an ogre
  3957 | D:4      | Reached skill level 6 in Transmutations
  3959 | D:4      | Killed an ogre
  4118 | D:4      | Reached skill level 7 in Transmutations
  4279 | D:4      | Gained mutation: You are covered in thick fur. (AC +2)
                  | [Felid growth]
  4279 | D:4      | Reached XP level 6. HP: 9/25 MP: 4/10
  4895 | D:4      | Reached skill level 8 in Transmutations
  5127 | D:4      | Reached XP level 7. HP: 28/28 MP: 5/11
  5398 | D:5      | Entered Level 5 of the Dungeon
  5567 | D:5      | Reached skill level 9 in Transmutations
  5946 | D:5      | Found a stormy altar of Qazlal.
  7004 | D:5      | Found a hazy altar of Hepliaklqana.
  7394 | D:6      | Found a sacrificial altar of Ru.
  7402 | D:6      | Became a worshipper of Ru the Awakened
  7441 | D:6      | Reached XP level 8. HP: 26/32 MP: 7/13
  7463 | D:6      | Reached skill level 10 in Transmutations
  7642 | D:6      | Got a steaming diamond amulet
  8538 | D:6      | Found a burning altar of Makhleb.
  8668 | D:6      | Slain by an ice beast
  8669 | D:6      | Reached XP level 7. HP: 0/31 MP: 4/12
  8751 | D:6      | HP: 1/31 [poisoned by an adder]
  8752 | D:6      | Slain by an adder
  8753 | D:6      | Reached XP level 6. HP: -1/28 MP: 11/11
  8818 | D:6      | Slain by an adder

Levels and vault maps discovered:
D:1:      nicolae_arrival_memento_mori, layout_rooms, minmay_crystal_room
D:2:      layout_loops_ring, overflow_temple_1_default,
          nicolae_overflow_crystal_walls, hangedman_abyss_or_decor_stabs
D:3:      layout_loops_ring, xom_redecorated
D:4:      layout_cave_pools, first_ration
D:5:      layout_basic, kennysheep_mini, marbit_many_paths
D:6:      layout_loops_corners, nicolae_ru_sacrificial_ziggurat,
          makhleb_altar_promises_db, amethyst_killhole

Skill      XL: |  1  2  3  4  5  6  7  8 |
---------------+-------------------------+-----
Transmutations | 3 4 5 7 8 9 10 | 10.0
Spellcasting   | 3 |  3.0
Fighting       | 3 |  3.0
Dodging        | |  2.6
Unarmed Combat | |  3.9

Action                   |  1- 3 |  4- 6 |  7- 9 || total
-------------------------+-------+-------+-------++-------
Melee: Unarmed           |   129 |   116 |    84 ||   329
       Bite              |    11 |     7 |    10 ||    28
       Headbutt          |    16 |     5 |       ||    21
 Cast: Beastly Appendage |    39 |    22 |     1 ||    62
       Sticks to Snakes  |     4 |     7 |     4 ||    15
       Blade Hands       |       |     6 |    12 ||    18
  Use: Potion            |     3 |       |     1 ||     4
       Scroll            |     2 |       |       ||     2
 Stab: Sleeping          |     7 |     3 |     1 ||    11
  Eat: Chunk             |    10 |    10 |    12 ||    32
Armor: Skin              |     7 |    19 |    20 ||    46
Dodge: Dodged            |   111 |   128 |   104 ||   343
